 Dungeon Crawl Stone Soup version 0.31-a0-14-gc80a10f4b6 (webtiles) character file.

Game seed: 18206291695486020500

1866 dungeonMaestro the Ruffian (level 8, -6/78 HPs)
             Began as a Troll Fighter on May 7, 2023.
             Was a Follower of Makhleb.
             Killed from afar by an acid dragon (23 damage)
             ... with a splash of acid
             ... on level 8 of the Dungeon.
             The game lasted 00:15:55 (5619 turns).

dungeonMaestro the Ruffian (Troll Fighter)          Turns: 5619, Time: 00:15:56

Health: -6/78      AC:  0    Str: 27    XL:     8   Next: 90%
Magic:  7/7        EV: 11    Int:  4    God:    Makhleb [*.....]
Gold:   554        SH: 10    Dex: 15    Spells: 7/7 levels left

rFire   . .          .
                       - Unarmed
rCold   . . .        b - +0 kite shield
rNeg    . . .        q - +0 robe
rPois   .            (helmet restricted)
rElec   .            (no cloak)
rCorr   .            (gloves unavailable)
SInv    .            (boots unavailable)
Will    .....        (no amulet)
Stlth   ++           v - +4 ring of protection
HPRegen 1.13/turn    x - +6 ring of dexterity
MPRegen 0.10/turn

%: no passive effects
@: corroded
A: large, unfitting armour, claws 3, regeneration 1, shaggy fur 1, tough skin 1
a: Renounce Religion


You were on level 8 of the Dungeon.
You worshipped Makhleb.
Makhleb was aware of your devotion.
You visited 2 branches of the dungeon, and saw 9 of its levels.

You collected 554 gold pieces.

Inventory:

Missiles
 B - a throwing net (quivered)
Armour
 b - a +0 kite shield (worn)
 q - a +0 robe (worn)
Jewellery
 v - a +4 ring of protection (left claw)
 x - a +6 ring of dexterity (right claw)
Wands
 r - a wand of quicksilver (9)
Scrolls
 h - a scroll of enchant armour
 i - 2 scrolls of identify
 j - 5 scrolls of teleportation
 k - a scroll of vulnerability
 o - a scroll of magic mapping
 s - a scroll of fog
 y - a scroll of noise
 z - 3 scrolls of torment
Potions
 c - 3 potions of might
 d - a potion of haste
 f - 4 potions of curing
 g - 2 potions of cancellation
 n - a potion of heal wounds
 t - a potion of flight
 w - 2 potions of magic
 A - a potion of invisibility
 C - a potion of degeneration
 D - a potion of mutation
 E - a potion of lignification


   Skills:
 + Level 4.0 Fighting
 + Level 5.0 Dodging
 + Level 1.6 Stealth
 + Level 5.2 Shields
 + Level 7.8 Unarmed Combat


You had 7 spell levels left.
You didn't know any spells.
Your spell library contained the following spells:

 Spells                   Type           Power      Damage    Failure   Level
 Freeze                   Ice            0%         1d3       73%         1
 Sandblast                Erth           0%         2d4       73%         1
 Passwall                 Tmut/Erth      0%         N/A       86%         2
 Frozen Ramparts          Ice            0%         1d1       97%         3
 Hailstorm                Conj/Ice       0%         3d3       97%         3
 Stone Arrow              Conj/Erth      0%         3d7       97%         3
 Animate Armour           Summ/Erth      0%         N/A       100%        4
 Ice Form                 Ice/Tmut       0%         N/A       100%        4
 Manifold Assault         Tloc           0%         N/A       100%        4
 Dispersal                Tloc           0%         N/A       100%        6
 Simulacrum               Ice/Necr       0%         N/A       100%        6
 Disjunction              Tloc           0%         N/A       100%        8
 Lehudib's Crystal Spear  Conj/Erth      0%         10d2      100%        8


Dungeon Overview and Level Annotations

Branches:
Dungeon (8/15)             Temple (1/1) D:6
   Lair: D:8-11

Altars:
Ashenzari
Cheibriados
Dithmenos
Fedhas
Gozag
Hepliaklqana
Kikubaaqudgha
Makhleb
Nemelex Xobeh
Okawaru
Qazlal
Ru
Trog
Uskayaw
Vehumet
Wu Jian
Xom
Zin


Innate Abilities, Weirdness & Mutations

You are too large for most types of armour.
You have claws for hands.
Your natural rate of healing is unusually fast.
You are covered in fur. (AC +1)
You have tough skin. (AC +1)


Message History

You climb downwards.
There is a stone staircase leading up here.
An acid dragon comes into view.
The acid dragon roars!
The acid dragon spits acid at you. The splash of acid hits you!!
The acid corrodes you!
You hear an angry hiss.
A kobold opens the door.
A kobold brigand and 4 kobolds come into view.
A kobold is quivering boomerangs of dispersal.
The kobold brigand is quivering boomerangs of dispersal.
A kobold is quivering boomerangs of dispersal.
A kobold is quivering boomerangs of dispersal.
A kobold is quivering boomerangs of dispersal.
The kobold shouts!
The kobold brigand shouts!
The kobold shouts!
You hear a shout!
The kobold brigand moves out of view.
The kobold shouts! x2
You scratch the acid dragon.
The acid dragon is lightly wounded.
The acid dragon spits acid at you. The splash of acid hits you!!
The acid corrodes you! You block the kobold's attack.
You scratch the acid dragon.
The acid dragon is lightly wounded.
The acid dragon bites you. The acid dragon claws you.
You mangle the acid dragon!!
The acid dragon is almost dead.
The acid dragon bites you!
* * * LOW HITPOINT WARNING * * *
The acid dragon claws you.
* * * LOW HITPOINT WARNING * * *
You block the kobold's attack. The kobold hits you.
* * * LOW HITPOINT WARNING * * *
Really read the scroll of poison?
Okay, then.
Really read the scroll of poison? [Y]es or [N]o only, please.
Really read the scroll of poison?
The air fills with toxic fumes!
As you read the scroll of poison, it crumbles to dust.
The acid dragon spits acid at you. The splash of acid hits you!!
You die...

### ##§#
#§§# ##§§#
#§§§#
####§§#
####§K#§§#
#§§§.KKK§##
#.##.K#@§§#
## #D§§§#
§§§§§§§§§
#§§##§§#§§
§§## §§# §
#§# .§# §§
.# ##§


You could see an acid dragon (catching breath), a kobold brigand and 3 kobolds.

Vanquished Creatures
  Duvessa (D:4)
  A sky beast (D:7)
  A water moccasin (D:7)
  4 black bears
  An ice beast (D:6)
  Blork the orc (D:4)
  4 wights
  Dowan (D:4)
  A howler monkey (D:4)
  6 hounds
  A jelly (D:6)
  A gnoll bouda (D:7)
  4 iguanas
  6 orc wizards
  7 adders
  3 gnolls (D:7)
  A shadow imp (D:6)
  4 white imps
  2 ufetubi (D:5)
  2 worms
  A dart slug (D:2)
  18 orcs
  7 bats
  7 endoplasms
  5 giant cockroaches
  3 goblins
  8 hobgoblins
  6 jackals
  5 kobolds
  5 quokkas
  9 ball pythons
  4 frilled lizards
  7 rats
137 creatures vanquished.

Notes
Turn   | Place    | Note
-------+----------+-------------------------------------------
     0 | D:1      | dungeonMaestro the Troll Fighter began the quest for the
                  | Orb.
     0 | D:1      | Reached XP level 1. HP: 22/22 MP: 0/0
   125 | D:1      | Reached XP level 2. HP: 29/29 MP: 1/1
   365 | D:1      | Reached XP level 3. HP: 36/36 MP: 2/2
  1086 | D:2      | Reached XP level 4. HP: 44/44 MP: 3/3
  1286 | D:3      | Found an ancient bone altar of Kikubaaqudgha.
  1291 | D:3      | Reached skill level 3 in Unarmed Combat
  2045 | D:4      | Reached XP level 5. HP: 48/53 MP: 4/4
  2090 | D:4      | Noticed a black bear
  2099 | D:4      | Killed a black bear
  2122 | D:4      | Reached skill level 4 in Unarmed Combat
  2122 | D:4      | Reached XP level 6. HP: 56/61 MP: 5/5
  2253 | D:4      | Noticed Duvessa
  2255 | D:4      | Noticed Dowan
  2261 | D:4      | Killed Duvessa
  2318 | D:4      | Killed Dowan
  2434 | D:4      | Noticed Blork the orc
  2450 | D:4      | Killed Blork the orc
  2451 | D:4      | Reached skill level 1 in Stealth
  2451 | D:4      | Reached XP level 7. HP: 41/67 MP: 6/6
  2795 | D:5      | Entered Level 5 of the Dungeon
  2917 | D:5      | You fall into a shaft and drop 1 floor!
  2917 | D:6      | Found a staircase to the Ecumenical Temple.
  2938 | D:6      | Reached skill level 5 in Unarmed Combat
  2943 | Temple   | Entered the Ecumenical Temple
  3161 | Temple   | Became a worshipper of Makhleb the Destroyer
  3376 | D:6      | Found a hide-covered altar of Uskayaw.
  3465 | D:5      | Reached skill level 6 in Unarmed Combat
  3466 | D:5      | Reached XP level 8. HP: 59/75 MP: 7/7
  4127 | D:6      | Found an opulent altar of Gozag.
  4468 | D:6      | Reached * piety under Makhleb
  4555 | D:6      | Reached skill level 7 in Unarmed Combat
  4666 | D:7      | Reached skill level 5 in Shields
  5250 | D:7      | Reached skill level 5 in Dodging
  5619 | D:8      | Killed from afar by an acid dragon

Illustrated notes

Levels and vault maps discovered:
D:1:      tarquinn_simple_flora_water_f, layout_rooms, minmay_tromino_v7
D:2:      layout_basic
D:3:      layout_basic, mainiacjoe_overflow_paths
D:4:      layout_basic, uniq_blork_the_orc, uniq_duvessa
D:5:      layout_loops_ring, portal_sewer_entry_b
D:6:      layout_loops_cross, lemuel_crystal_altar, grunt_gozag_statues,
          minmay_temple_entry_grid, minmay_statues_item
D:7:      layout_loops_corners
D:8:      layout_layer_cave, led_sif_book, mainiacjoe_overflow_chevrons,
          minmay_unpleasant_kobolds
Temple:   regret_index_temple_generic_petals

Skill      XL: |  1  2  3  4  5  6  7  8 |
---------------+-------------------------+-----
Shields        | 3 4 5 |  5.2
Dodging        | 3 4 5 |  5.0
Unarmed Combat | 3 4 6 7 |  7.8
Fighting       | 3 4 |  4.0
Stealth        | 1 |  1.6

Action                     |  1- 3 |  4- 6 |  7- 9 || total
---------------------------+-------+-------+-------++-------
  Melee: Unarmed           |   113 |   121 |   182 ||   416
    Use: Scroll            |       |     5 |    10 ||    15
         Potion            |       |     5 |       ||     5
   Stab: Sleeping          |     1 |     1 |     2 ||     4
 Armour: Robe              |    41 |    45 |    54 ||   140
  Dodge: Dodged            |    65 |    60 |    50 ||   175
  Block: Kite shield       |    52 |    51 |    77 ||   180

Table legend: (Time is in decaauts)
 A = Elapsed time spent in this place.
 B = Non-inter-level travel time spent in this place.
 C = Inter-level travel time spent in this place.
 D = Time resting spent in this place.
 E = Time spent auto-exploring this place.
 F = Levels seen in this place.
 G = Mean time per level.
                   A        B        C        D        E       F      G
               +--------+--------+--------+--------+--------+-----+--------+
         Total |   5626 |   5310 |    316 |    141 |   2944 |   9 |  625.1 |
       Dungeon |   5386 |   5102 |    284 |    141 |   2761 |   8 |  673.2 |
        Temple |    239 |    207 |     32 |      0 |    183 |   1 |  239.0 |
               +--------+--------+--------+--------+--------+-----+--------+

Top non-repeatable levels by time:
     D:7: 990 daAuts
     D:3: 838 daAuts
     D:5: 827 daAuts
     D:4: 809 daAuts
     D:6: 742 daAuts
     D:1: 584 daAuts
     D:2: 574 daAuts
  Temple: 239 daAuts
     D:8: 19 daAuts
